 Dungeon Crawl Stone Soup version 0.29-a0-837-g174bc33265 (webtiles) character file.

Game seed: 2331007132256621907

1480 Garessta the Fighter (level 8, 0/68 HPs)
             Began as a Demonspawn Fighter on July 12, 2022.
             Was an Initiate of Gozag.
             Slain by a gnoll sergeant
             ... wielding a +0 spear
              (5 damage)
             ... on level 6 of the Dungeon.
             The game lasted 00:15:27 (7023 turns).

Garessta the Fighter (Demonspawn Fighter)           Turns: 7023, Time: 00:15:27

Health: 0/68       AC: 11    Str: 18    XL:     8   Next: 50%
Magic:  8/8        EV:  4    Int: 10    God:    Gozag
Gold:   375        SH:  4    Dex: 13    Spells: 7/7 levels left

rFire   . . .      SeeInvis .   a - +0 war axe
rCold   + . .      Faith    .   c - +0 buckler
rNeg    . . .      Spirit   .   z - +0 plate armour
rPois   .          Reflect  .   (helmet restricted)
rElec   .          Harm     .   (no cloak)
rCorr   .          Rampage  .   (no gloves)
Will    .....                   (no boots)
Stlth   ..........              (no amulet)
HPRegen 0.21/turn               t - ring of protection from cold
MPRegen 0.11/turn               (no ring)

@: no status effects
A: hooves 1, horns 1, powered by death 2, demonic touch 1
a: Renounce Religion, Potion Petition, Call Merchant, Bribe Branch


You were on level 6 of the Dungeon.
You worshipped Gozag.
Gozag was aware of your devotion.
You visited 2 branches of the dungeon, and saw 7 of its levels.
You also visited: Sewer and Ossuary.

You collected 445 gold pieces.
You paid 70 gold pieces to Gozag.

Inventory:

Hand Weapons
 a - a +0 war axe (weapon)
Armour
 c - a +0 buckler (worn)
 z - a +0 plate armour (worn)
Jewellery
 t - a ring of protection from cold (left hand)
 D - a ring of protection from fire
Wands
 B - a wand of digging (3)
 C - a wand of charming (10)
 E - a wand of flame (27)
Scrolls
 b - a scroll of silence {unknown}
 e - 7 scrolls of fear
 i - 2 scrolls of amnesia
 j - a scroll of brand weapon
 l - 3 scrolls of enchant weapon
 n - 2 scrolls of enchant armour
 o - 2 scrolls of summoning
 q - 2 scrolls of immolation
 r - a scroll of teleportation
 v - a scroll of fog {unknown}
 y - a scroll of torment {unknown}
 A - a scroll of poison {unknown}
Potions
 d - 4 potions of might
 f - 8 potions of brilliance
 g - 5 potions of lignification
 h - 6 potions of haste {unknown}
 k - 2 potions of flight {unknown}
 m - 3 potions of curing {unknown}
 p - a potion of ambrosia {unknown}
 s - 2 potions of invisibility {unknown}
 u - a potion of berserk rage {unknown}
 w - 3 potions of heal wounds {unknown}
 x - a potion of magic {unknown}


   Skills:
 + Level 8.1 Fighting
 + Level 7.1 Axes
 - Level 2.6 Armour
 - Level 2.6 Shields


You had 7 spell levels left.
You didn't know any spells.
Your spell library contained the following spells:

 Spells                   Type           Power      Damage    Failure   Level
 Sandblast                Erth           0%         2d4       100%        1
 Shock                    Conj/Air       0%         1d3       100%        1
 Passwall                 Tmut/Erth      0%         N/A       100%        2
 Gell's Gravitas          Tloc           0%         N/A       100%        3
 Lesser Beckoning         Tloc           0%         N/A       100%        3
 Stone Arrow              Conj/Erth      0%         3d7       100%        3
 Swiftness                Air            0%         N/A       100%        3
 Teleport Other           Tloc           0%         N/A       100%        3
 Airstrike                Air            0%         0-1+      100%        4


Dungeon Overview and Level Annotations

Branches:
Dungeon (6/15)             Temple (1/1) D:4           Sewer (visited)
Ossuary (visited)

Altars:
Ashenzari
Cheibriados
Fedhas
Gozag
Hepliaklqana
Kikubaaqudgha
Ru
Sif Muna
Uskayaw
Vehumet
Wu Jian
Xom
Yredelemnul

Shops:
D:5 *


Innate Abilities, Weirdness & Mutations

You have large cloven feet.
You have a pair of small horns on your head.
You regenerate health from kills.
Your touch may inflict minor irresistible damage on your foes.


Message History

The gnoll sergeant hits you but does no damage.
Unknown command.
You slash the orc!
You kill the orc!
You barely miss the gnoll sergeant.
The gnoll sergeant hits you with a +0 spear. x2
You hit the gnoll sergeant.
You kick the gnoll sergeant, but do no damage.
The gnoll sergeant is lightly wounded.
The gnoll sergeant is distracted by your dazzling golden aura.
You catch the helpless gnoll sergeant completely off-guard!
You hit the gnoll sergeant.
The gnoll sergeant is no longer distracted by gold.
Your kick misses the gnoll sergeant.
The gnoll sergeant is moderately wounded.
You block the gnoll sergeant's attack.
You hit the gnoll sergeant. You kick the gnoll sergeant.
The gnoll sergeant is heavily wounded.
The gnoll sergeant hits you but does no damage.
You barely miss the gnoll sergeant.
The gnoll sergeant is heavily wounded.
The gnoll sergeant hits you with a +0 spear!
* * * LOW HITPOINT WARNING * * *
You hit the gnoll sergeant but do no damage.
You kick the gnoll sergeant.
The gnoll sergeant is severely wounded.
The gnoll sergeant hits you with a +0 spear!
* * * LOW HITPOINT WARNING * * *
You hit the gnoll sergeant but do no damage.
You headbutt the gnoll sergeant, but do no damage.
The gnoll sergeant is severely wounded.
The gnoll sergeant hits you but does no damage.
You barely miss the gnoll sergeant. You kick the gnoll sergeant.
You headbutt the gnoll sergeant, but do no damage.
The gnoll sergeant is severely wounded.
The gnoll sergeant hits you with a +0 spear!
* * * LOW HITPOINT WARNING * * *
The gnoll sergeant hits you with a +0 spear.
You die...
Your body crumbles into a pile of gold.

. .( ....... ....... #######
...<..
.......#######.#.##########
.........g@.$....... ......
.........)$###..######.....
................#####......
...........................
............###.#..........
$.....................#.....
..................####.....
.......###......### ##.....
##.#### #....#.# ##......


You could see a gnoll sergeant.

Vanquished Creatures
  2 ice beasts (D:6)
  A black bear (D:6)
  2 centaurs (D:5)
  An ogre (D:5)
  A phantom (D:6)
  A bullfrog (D:6)
  A scorpion (D:6)
  A centaur zombie (Ossuary)
  2 hounds
  An iron imp (D:3)
  A human zombie (Ossuary)
  2 orc priests (D:5)
  3 iguanas (D:5)
  5 orc wizards
  5 mummies (Ossuary)
  5 gnolls (D:6)
  9 adders
  A river rat (Sewer)
  A shadow imp (D:5)
  A white imp (D:6)
  2 ufetubi
  4 worms
  A dart slug (D:5)
  14 orcs
  7 bats
  3 endoplasms
  3 giant cockroaches
  A gnoll zombie (Ossuary)
  5 goblins
  10 hobgoblins
  10 kobolds
  4 quokkas
  12 ball pythons
  11 frilled lizards
  A goblin zombie (Ossuary)
  2 hobgoblin zombies (Ossuary)
  2 kobold zombies (Ossuary)
  10 rats
148 creatures vanquished.

Vanquished Creatures (others)
  A jelly (D:6)
1 creature vanquished.

Grand Total: 149 creatures vanquished

Notes
Turn   | Place    | Note
-------+----------+-------------------------------------------
     0 | D:1      | Garessta the Demonspawn Fighter began the quest for the
                  | Orb.
     0 | D:1      | Reached XP level 1. HP: 18/18 MP: 1/1
   213 | D:1      | Gained mutation: You regenerate a little health from kills.
                  | [demonic ancestry]
   213 | D:1      | Reached XP level 2. HP: 20/24 MP: 2/2
   945 | D:2      | Discovered your monstrous ancestry.
   945 | D:2      | Gained mutation: You have a pair of small horns on your
                  | head. [demonic ancestry]
   945 | D:2      | Reached XP level 3. HP: 25/30 MP: 3/3
  1667 | D:3      | Reached skill level 4 in Fighting
  1730 | D:3      | Gained mutation: Your touch may inflict minor irresistible
                  | damage on your foes. [demonic ancestry]
  1730 | D:3      | Reached XP level 4. HP: 37/37 MP: 4/4
  1961 | D:3      | Found a faded altar of an unknown god.
  2439 | D:3      | Found a snail-covered altar of Cheibriados.
  2623 | D:3      | Found a shimmering blue altar of Sif Muna.
  2627 | D:3      | Gained mutation: You have large cloven feet. [demonic
                  | ancestry]
  2627 | D:3      | Reached XP level 5. HP: 43/43 MP: 5/5
  2633 | D:3      | Found an ancient bone altar of Kikubaaqudgha.
  2721 | D:3      | Found a radiant altar of Vehumet.
  2908 | D:4      | Found a staircase to the Ecumenical Temple.
  3003 | D:4      | Noticed a +0 hand axe
  3003 | D:4      | Noticed a +0 hand axe
  3004 | D:4      | Found a hide-covered altar of Uskayaw.
  3066 | D:4      | Reached skill level 5 in Fighting
  3122 | D:4      | Found a hazy altar of Hepliaklqana.
  3289 | D:4      | Found a glowing drain.
  3302 | D:4      | Reached XP level 6. HP: 51/51 MP: 6/6
  3308 | Sewer    | Entered a sewer
  3852 | Temple   | Entered the Ecumenical Temple
  4343 | D:5      | Entered Level 5 of the Dungeon
  4489 | D:5      | Found Zuloir's Fire Supplies.
  4556 | D:5      | Found a sand-covered staircase.
  4561 | Ossuary  | Entered an ossuary
  4900 | D:5      | Found an opulent altar of Gozag.
  4906 | D:5      | Reached skill level 5 in Axes
  4914 | D:5      | Became a worshipper of Gozag Ym Sagoz the Greedy
  5020 | D:5      | Reached skill level 6 in Fighting
  5020 | D:5      | Reached XP level 7. HP: 58/58 MP: 7/7
  6082 | D:5      | Reached skill level 7 in Fighting
  6259 | D:5      | Found a broken altar of Ashenzari.
  6630 | D:6      | Gained mutation: You regenerate health from kills. [demonic
                  | ancestry]
  6630 | D:6      | Reached XP level 8. HP: 38/67 MP: 8/8
  7000 | D:6      | Reached skill level 8 in Fighting
  7023 | D:6      | Slain by a gnoll sergeant

Illustrated notes

Levels and vault maps discovered:
D:1:      dpeg_arrival_windows_large_door, layout_basic, serial_rivers,
          chequers_serial_rivers_micro_c, chequers_serial_rivers_large_a,
          chequers_serial_rivers_micro_d, chequers_serial_rivers_small_3,
          chequers_decorated_corner
D:2:      layout_loops_cross
D:3:      layout_loops_cross, palyth_temple_overflow_mages, slow_altar_1,
          dreamdust_ecumenical_altar_angels_and_demons
D:4:      layout_basic, dancing_weapons_uskayaw, kennysheep_mini_moat,
          minmay_temple_entry_trees, cheibrodos_sewer_entry_bend
D:5:      layout_layer_cave, mainiacjoe_overflow_brackets,
          nicolae_gozag_seed_capital, enter_ossuary_5, minmay_splitting_lines,
          nicolae_shop_fire_sale [nicolae_sub_dead_trees], minmay_puff
D:6:      layout_rooms
Temple:   hellmonk_temple_flake

Skill      XL: |  1  2  3  4  5  6  7  8 |
---------------+-------------------------+-----
Axes           | 2 3 4 5 6 7 |  7.1
Fighting       | 4 5 6 7 8 |  8.1
Armour         | |  2.6
Shields        | |  2.6

Action                   |  1- 3 |  4- 6 |  7- 9 || total
-------------------------+-------+-------+-------++-------
Melee: War axe           |   111 |   238 |   135 ||   484
       Headbutt          |     3 |    41 |    26 ||    70
       Kick              |       |    37 |    38 ||    75
Evoke: Wand              |       |       |     1 ||     1
  Use: Scroll            |       |    11 |       ||    11
 Stab: Distracted        |       |       |     1 ||     1
Armor: Scale mail        |    54 |   116 |     3 ||   173
       Plate armour      |       |       |   104 ||   104
Dodge: Dodged            |    52 |   109 |    38 ||   199
Block: Buckler           |    25 |    43 |    23 ||    91

Table legend: (Time is in decaauts)
 A = Elapsed time spent in this place.
 B = Non-inter-level travel time spent in this place.
 C = Inter-level travel time spent in this place.
 D = Time resting spent in this place.
 E = Time spent auto-exploring this place.
 F = Levels seen in this place.
 G = Mean time per level.
                   A        B        C        D        E       F      G
               +--------+--------+--------+--------+--------+-----+--------+
         Total |   7251 |   6845 |    406 |    265 |   4996 |   9 |  805.7 |
       Dungeon |   6250 |   5853 |    397 |    265 |   4264 |   6 | 1041.7 |
        Temple |    152 |    143 |      9 |      0 |    134 |   1 |  152.0 |
         Sewer |    543 |    543 |      0 |      0 |    389 |   1 |  543.0 |
       Ossuary |    305 |    305 |      0 |      0 |    209 |   1 |  305.0 |
               +--------+--------+--------+--------+--------+-----+--------+

Top non-repeatable levels by time:
     D:5: 2160 daAuts
     D:3: 1265 daAuts
     D:4: 924 daAuts
     D:2: 884 daAuts
     D:1: 824 daAuts
   Sewer: 543 daAuts
 Ossuary: 305 daAuts
     D:6: 191 daAuts
  Temple: 152 daAuts
